 Seeded DCSS version 0.29.1-15-g9cfb28693d (webtiles) character file.

Game seed: 11721550145171638735 (custom seed)

12 Twinkles the Sneak (level 2, 22/22 HPs)
             Began as a Vampire Brigand on May 24, 2023.
             Was a Follower of Vehumet.
             Safely got out of the dungeon.
             The game lasted 00:00:32 (271 turns).

Twinkles the Sneak (Vampire Brigand)                 Turns: 271, Time: 00:00:32

Health: 22/22      AC:  3    Str: 10    XL:     2   Next: 20%
Magic:  2/2        EV: 12    Int: 13    God:    Vehumet [*.....]
Gold:   23         SH:  0    Dex: 15    Spells: 1/1 levels left

rFire   . . .      SeeInvis +   a - +2 dagger
rCold   . . .      Faith    .   (no shield)
rNeg    . . .      Spirit   .   b - +0 robe
rPois   .          Reflect  .   (no helmet)
rElec   .          Harm     .   c - +0 cloak
rCorr   .          Rampage  .   (no gloves)
Will    .....                   (no boots)
Stlth   +++.......              (no amulet)
HPRegen 0.27/turn               (no ring)
MPRegen 0.08/turn               (no ring)

@: healing quickly
A: alive, fangs 3, see invisible, vampiric 1
a: Exsanguinate, Renounce Religion


You escaped.
You worshipped Vehumet.
Vehumet was aware of your devotion.
You visited 1 branch of the dungeon, and saw 1 of its levels.

You collected 23 gold pieces.

Inventory:

Hand Weapons
 a - a +2 dagger (weapon)
Missiles
 d - 9 poisoned darts (quivered)
 e - 3 curare-tipped darts
Armour
 b - a +0 robe (worn)
 c - a +0 cloak (worn)
Scrolls
 g - 3 scrolls of poison {unknown}
 i - a scroll of noise {unknown}
Potions
 f - 2 potions of flight {unknown}
 h - a potion of degeneration {unknown}


   Skills:
 + Level 2.0 Fighting
 + Level 2.4 Short Blades
 + Level 1.7 Throwing
 + Level 1.4 Dodging
 + Level 6.0 Stealth


You had one spell level left.
You didn't know any spells.
Your spell library was empty.

Dungeon Overview and Level Annotations

Branches:
Dungeon (1/15)

Altars:
Vehumet


Innate Abilities, Weirdness & Mutations

Your natural rate of healing is accelerated.
You have razor-sharp teeth.
You have supernaturally acute eyesight. (SInv)
You are afflicted with vampirism.


Message History

You have reached level 2!
Unknown command.
There is a stone staircase leading down here.
Things that are here:
a +0 dagger; a kobold corpse
There is a faded altar of an unknown god here.
You cannot tell which god this altar belongs to.
Convert to them anyway?
Okay, then.
You cannot tell which god this altar belongs to.
Convert to them anyway?
Vehumet accepts your prayer! Vehumet welcomes you!
You can now gain magical power from killing.
Vehumet offers you knowledge of Magic Dart.
A bat comes into view.
You can't go up here!
A dart slug comes into view.
The helpless bat fails to defend itself.
You impale the bat!!
You kill the bat!
Vehumet accepts your kill.
Found a gold piece.
You hit the dart slug.
The dart slug is lightly wounded.
You hit the dart slug.
The dart slug is severely wounded.
The dart slug launches a dart at you. The slug dart hits you.
You hit the dart slug but do no damage.
The dart slug is severely wounded.
The dart slug closely misses you.
You completely miss the dart slug. You bite the dart slug.
You kill the dart slug!
Vehumet accepts your kill.
Your Fighting skill increases to level 2!
No target in view!
No target in view!
No target in view!
There is a staircase leading out of the dungeon here.
Are you sure you want to leave the Dungeon?
This will make you lose the game!
You have escaped!

#.#.#......................
.#_#.......................
..
#.#.#......................
.
.#.#..).....###...........#
.### .........####
#.......###.###...#
########.#
#..............#.. #.#
#........##.##.#.# ##.#
#........##.##.#.#
#######>.#
#.@......##......#
.........#
#>..........##.#.#
#..###...#
#........##.##.#.##
.........#+##
#+###..........#(..
#..###..#...#
#.....#.......#
#..###..#...#
#.....#.##.##.#
............#
##......##.##.#
#######.....#
##.#.#..##..#.# #.#...#
#...###.###.#.#


There were no monsters in sight!

Vanquished Creatures
  2 dart slugs (D:1)
  An endoplasm (D:1)
  2 hobgoblins (D:1)
  A bat (D:1)
  A frilled lizard (D:1)
  A kobold (D:1)
  A rat (D:1)
9 creatures vanquished.

Notes
Turn   | Place    | Note
-------+----------+-------------------------------------------
     0 | D:1      | Twinkles the Vampire Brigand began the quest for the Orb.
     0 | D:1      | Reached XP level 1. HP: 16/16 MP: 1/1
    97 | D:1      | Reached skill level 6 in Stealth
   144 | D:1      | Found a faded altar of an unknown god.
   209 | D:1      | Reached XP level 2. HP: 22/22 MP: 2/2
   233 | D:1      | Prayed at the altar of an unknown god.
   233 | D:1      | Became a worshipper of Vehumet
   233 | D:1      | Reached * piety under Vehumet
   233 | D:1      | Offered knowledge of Magic Dart by Vehumet.
   271 | D:$      | Safely got out of the dungeon.

Illustrated notes

Levels and vault maps discovered:
D:1:      dpeg_arrival_connections, layout_loops_cross,
          chequers_ecumenical_altar_simple_redux

Skill      XL: |  1  2 |
---------------+-------+-----
Stealth        | 6 |  6.0
Fighting       | 2 |  2.0
Short Blades   | |  2.4
Throwing       | |  1.7
Dodging        | |  1.4

Action                   || total
-------------------------++-------
Melee: Dagger            ||    27
       Bite              ||     2
 Stab: Sleeping          ||     4
Armor: Robe              ||     4
Dodge: Dodged            ||     9
